[Event "Titled Tuesday Blitz March 01 Early 2022"]
[White "Csonka, Balazs"]
[Black "Derraugh, Geordie"]
[WhiteFideId "742910"]
[BlackFideId "2603950"]
[WhiteElo "2404"]
[BlackElo "2116"]
[Result "1-0"]
[Round "06"]
[TimeControl "180+1"]
[Date "2022.03.01"]
[WhiteClock "0:00:04"]
[BlackClock "0:00:02"]

1. e4 c5 2. Nf3 d6 3. d4 cxd4 4. Nxd4 Nf6 5. Nc3 a6 6. Be3 e5 7. Nb3 Be6 8. f3 Nbd7 9. Qd2 b5 10. O-O-O Nb6 11. Qf2 Na4 12. Nxa4 bxa4 13. Nc5 Bxa2 14. Nxa4 Qa5 15. b3 Rb8 16. Bb6 Qb4 17. Kb2 Bxb3 18. cxb3 Nd7 19. Qd2 Qxd2+ 20. Rxd2 Nxb6 21. Nxb6 Rxb6 22. Bc4 a5 23. Ra1 Be7 24. Rxa5 O-O 25. Ra7 Bg5 26. Rc2 Be3 27. Rd7 Bd4+ 28. Kc1 g6 29. Bd5 Bc5 30. Ra2 Rb4 31. Kd2 Rd4+ 32. Ke2 Kg7 33. Rd2 Rb4 34. Rc2 Rbb8 35. Ra2 g5 36. Kd3 Kg6 37. Ra6 h5 38. h3 Rb4 39. Ke2 Rd4 40. Rc6 Rb4 41. Rcc7 g4 42. Bxf7+ Kf6 43. hxg4 hxg4 44. Bc4 gxf3+ 45. gxf3 Rbb8 46. Rf7+ Rxf7 47. Rxf7+ Kg6 48. Rf5 Rh8 49. Kd3 Rh2 50. Bf7+ Kg7 51. Kc4 Rc2+ 52. Kd5 Rb2 53. Kc6 Kf8 54. Bc4+ Ke7 55. Rf7+ Ke8 56. Rh7 Rf2 57. Bf7+ Kf8 58. Bh5 Rb2 59. Bf7 Rf2 60. Bh5 Rb2 61. Rf7+ Kg8 62. Rb7 Rc2 63. Kd5 Rb2 64. Ke6 Rh2 65. Bf7+ Kf8 66. Bg6 Rh3 67. Rf7+ Kg8 68. Rf5 Rh6 69. Kf6 Rh3 70. Bf7+ Kf8 71. Bd5 Ke8 72. Ke6 Kd8 73. Rf8+ Kc7 74. Rf7+ Kb6 75. Kd7 Kb5 76. Kc8 Kb4 77. Rb7+ Kc3 78. Kc7 Rh4 79. Kc6 Rf4 80. Rb5 Rxf3 81. Rxc5+ dxc5 82. Kxc5 Rf8 83. b4 Rc8+ 84. Bc6 1-0


[Site "https://www.chess.com"]

[Event "Titled Tuesday Blitz March 01 Early 2022"]
[White "Danielian, Vardan"]
[Black "Yuan, Qingyu"]
[WhiteFideId "13301594"]
[BlackFideId "8609772"]
[WhiteElo "2490"]
[BlackElo "2359"]
[Result "0-1"]
[Round "06"]
[TimeControl "180+1"]
[Date "2022.03.01"]
[WhiteClock "0:00:05"]
[BlackClock "0:00:07"]

1. Nf3 Nf6 2. g3 g6 3. Bg2 Bg7 4. O-O O-O 5. d4 d5 6. c4 dxc4 7. Na3 c3 8. bxc3 c5 9. e3 Nc6 10. Bb2 Qa5 11. Nc4 Qa6 12. Nfe5 Nxe5 13. Nxe5 Be6 14. a4 Rac8 15. Re1 Rfd8 16. Bf1 Qa5 17. Qf3 Bd5 18. e4 Nxe4 19. Rxe4 f5 20. Bc4 Bxc4 21. Nxc4 fxe4 22. Qxe4 Qa6 23. Ne3 e6 24. h4 Qc6 25. Qg4 Kh8 26. Re1 Qxa4 27. Qxe6 cxd4 28. cxd4 Re8 29. Qf7 Qb4 30. Rb1 Re7 31. Qf3 Rf8 32. Qe2 Qb3 33. d5 Bxb2 34. Rxb2 Qa3 35. Rd2 Qd6 36. Kg2 Kg8 37. Qd3 Rd7 38. Ng4 h5 39. Nh6+ Kg7 40. Re2 Kxh6 41. Re6 Qxe6 42. Qd2+ Kh7 43. dxe6 Rxd2 44. e7 Re8 45. Kg1 Rd7 46. f4 Rdxe7 47. g4 Rf7 0-1


[Site "https://www.chess.com"]

[Event "Titled Tuesday Blitz March 01 Early 2022"]
[White "Dauner, Benedikt"]
[Black "Arabidze, Meri"]
[WhiteFideId "16225899"]
[BlackFideId "13604040"]
[WhiteElo "2230"]
[BlackElo "2329"]
[Result "1-0"]
[Round "06"]
[TimeControl "180+1"]
[Date "2022.03.01"]
[WhiteClock "0:01:04"]
[BlackClock "0:00:29"]

1. d4 f5 2. Bf4 Nf6 3. e3 e6 4. Nf3 b6 5. Bd3 Bb7 6. h3 Bd6 7. Qe2 O-O 8. Nbd2 Bxf4 9. exf4 Nc6 10. c3 Ne7 11. g3 c5 12. O-O cxd4 13. Nxd4 a6 14. Nc4 b5 15. Ne3 Ned5 16. Rfd1 Nxe3 17. Qxe3 Nd5 18. Qe1 Qf6 19. Bf1 Qg6 20. Bg2 Rab8 21. Qd2 h5 22. Nf3 d6 23. Re1 Rfe8 24. Ng5 h4 25. Rxe6 Rxe6 26. Bxd5 Re8 27. Re1 Bc8 28. Bxe6+ Bxe6 29. Qxd6 hxg3 30. Rxe6 gxf2+ 31. Kxf2 1-0


[Site "https://www.chess.com"]

[Event "Titled Tuesday Blitz March 01 Early 2022"]
[White "De Souza, Cristiano Gomes"]
[Black "De Silva, L M S T"]
[WhiteFideId "2151758"]
[BlackFideId "9953698"]
[WhiteElo "2068"]
[BlackElo "1631"]
[Result "0-1"]
[Round "06"]
[TimeControl "180+1"]
[Date "2022.03.01"]
[WhiteClock "0:01:19"]
[BlackClock "0:01:15"]

1. d4 Nf6 2. c4 e6 3. Nf3 b6 4. g3 Bb7 5. Bg2 g6 6. O-O Bg7 7. Nc3 Ne4 8. Qc2 Nxc3 9. Qxc3 O-O 10. b3 d6 11. Bb2 Nd7 12. Rfd1 f5 13. Rac1 Qe7 14. Ne1 Bxg2 15. Nxg2 Nf6 16. f3 Rad8 17. Nf4 g5 18. Nd3 h6 19. Qe1 Nd7 20. Nb4 Nb8 21. Qd2 a5 22. Nd3 e5 23. dxe5 dxe5 24. Qc2 Nc6 25. a3 e4 26. Ne1 Bd4+ 27. Kg2 Qe5 28. Bxd4 Nxd4 29. Qa2 c5 30. Rd2 e3 31. Rd3 g4 32. Rcd1 Rde8 33. Qa1 Nxe2 34. Qxe5 Rxe5 35. Rd8 Nd4 36. Rxf8+ Kxf8 37. Nd3 e2 38. Re1 Re3 39. Nc1 Rxf3 40. Nxe2 Re3 41. Kf2 Rxe2+ 42. Rxe2 Nxe2 43. Kxe2 Ke7 44. Ke3 Ke6 45. Kf4 Kf6 46. Ke3 Ke5 47. a4 h5 48. Kd3 f4 49. gxf4+ Kxf4 50. Ke2 h4 51. Kf2 Ke4 52. Ke2 Kd4 53. Kd2 g3 54. hxg3 h3 55. Ke2 h2 0-1


[Site "https://www.chess.com"]

[Event "Titled Tuesday Blitz March 01 Early 2022"]
[White "Deac, Bogdan-Daniel"]
[Black "Obolenskikh, Dmitry"]
[WhiteFideId "1226380"]
[BlackFideId "4156013"]
[WhiteElo "2646"]
[BlackElo "2512"]
[Result "1/2-1/2"]
[Round "06"]
[TimeControl "180+1"]
[Date "2022.03.01"]
[WhiteClock "0:00:04"]
[BlackClock "0:00:22"]

1. e4 e5 2. Nf3 Nc6 3. d4 exd4 4. Nxd4 Bc5 5. Nb3 Bb6 6. Nc3 Nf6 7. Qe2 O-O 8. Bg5 h6 9. Bh4 a5 10. a4 Nd4 11. Qd3 Nxb3 12. cxb3 Re8 13. O-O-O c6 14. Qc2 g5 15. Bg3 d5 16. exd5 Nxd5 17. h4 g4 18. Nxd5 cxd5 19. Bb5 Re6 20. Kb1 d4 21. Ka2 Bd7 22. Bc4 Rc6 23. Be5 Be6 24. Qe4 Bxc4 25. bxc4 Qd7 26. Qd3 Re8 27. Bf4 Rf6 28. g3 Qxa4+ 29. Kb1 Qd7 30. Rhe1 Rxe1 31. Rxe1 h5 32. Rd1 Qf5 33. Qxf5 Rxf5 34. Kc2 Kg7 35. Kd3 Kg6 36. Re1 Bc5 37. Re8 b6 38. Rg8+ Kh7 39. Rd8 Kg7 40. Re8 Kh7 41. Ke4 Rf6 42. Kd3 Re6 43. Rxe6 fxe6 44. Be5 Kg6 45. Bxd4 Kf5 46. Bxc5 bxc5 47. b3 e5 48. Ke3 e4 49. Kd2 Ke5 50. Ke3 Kf5 51. Ke2 Kf6 52. Kd2 Ke6 53. Ke2 Kf5 54. Kd2 Ke5 55. Ke3 Kf5 1/2-1/2


[Site "https://www.chess.com"]

[Event "Titled Tuesday Blitz March 01 Early 2022"]
[White "Desideri, Ricardo Maruchi"]
[Black "Kornyukov, Alexey"]
[WhiteFideId "2110440"]
[BlackFideId "4150457"]
[WhiteElo "1945"]
[BlackElo "2303"]
[Result "1-0"]
[Round "06"]
[TimeControl "180+1"]
[Date "2022.03.01"]
[WhiteClock "0:01:10"]
[BlackClock "0:02:10"]

1. e4 c5 2. Nf3 Nc6 3. d4 cxd4 4. Nxd4 e5 5. Nb5 a6 6. Nd6+ Bxd6 7. Qxd6 Qf6 8. Qd1 Nge7 9. Nc3 O-O 10. Bd3 Qg6 11. O-O d6 12. f4 Nd4 13. f5 Qf6 14. Qg4 h6 15. Be3 Nec6 16. Nd5 Qd8 17. Bxh6 g6 18. Bg5 f6 19. Bh6 Kf7 20. Qxg6# 1-0


[Site "https://www.chess.com"]

[Event "Titled Tuesday Blitz March 01 Early 2022"]
[White "Devaev, Alexander"]
[Black "Zainullina, Nataliya"]
[WhiteFideId "4169395"]
[BlackFideId "4145488"]
[WhiteElo "2185"]
[BlackElo "2060"]
[Result "1-0"]
[Round "06"]
[TimeControl "180+1"]
[Date "2022.03.01"]
[WhiteClock "0:00:43"]
[BlackClock "0:00:49"]

1. d4 Nf6 2. c4 e6 3. Nc3 Bb4 4. e3 O-O 5. Ne2 c5 6. a3 Bxc3+ 7. Nxc3 b6 8. Be2 Bb7 9. O-O d6 10. d5 e5 11. e4 Nbd7 12. g3 Re8 13. Bd3 Nf8 14. f4 exf4 15. gxf4 Ng6 16. Qf3 Bc8 17. Bd2 Bd7 18. Rae1 Nh4 19. Qf2 Ng4 20. Qg3 h5 21. h3 Nh6 22. f5 Qf6 23. Kh2 Kh7 24. Bg5 Qd4 25. Bxh4 Rg8 26. Bg5 Rae8 27. Qe3 Qe5+ 28. Bf4 Qf6 29. e5 dxe5 30. Bxe5 Qh4 31. Qg3 Ng4+ 32. Kg1 Qxg3+ 33. Bxg3 Ne3 34. Rf3 h4 35. Bf2 Nxf5 36. Rxe8 Rxe8 37. Bxf5+ Bxf5 38. Rxf5 f6 39. d6 Rd8 40. Rd5 Rd7 41. b4 cxb4 42. axb4 Kg6 43. c5 bxc5 44. bxc5 Kf7 45. c6 Rd8 46. c7 Rc8 47. d7 Rxc7 48. d8=Q Rxc3 49. Rd7+ Kg6 50. Qe8+ Kh6 51. Be3+ Rxe3 52. Qxe3+ g5 53. Qe7 Kg6 54. Qh7# 1-0


[Site "https://www.chess.com"]

[Event "Titled Tuesday Blitz March 01 Early 2022"]
[White "Dias, Joao Batista"]
[Black "Viskelis, Darius"]
[WhiteFideId "2108240"]
[BlackFideId "12800830"]
[WhiteElo "1898"]
[BlackElo "1999"]
[Result "1/2-1/2"]
[Round "06"]
[TimeControl "180+1"]
[Date "2022.03.01"]
[WhiteClock "0:01:03"]
[BlackClock "0:01:19"]

1. e4 Nc6 2. d4 d5 3. Nc3 dxe4 4. d5 Nb4 5. a3 Na6 6. Bxa6 bxa6 7. Nxe4 Nf6 8. Nxf6+ exf6 9. Ne2 Bd6 10. O-O O-O 11. Bf4 Re8 12. Bxd6 Qxd6 13. c4 Bg4 14. f3 Bf5 15. Kh1 Qc5 16. Qd4 Qb6 17. Qd2 a5 18. Ng3 Bg6 19. Rae1 a4 20. Rxe8+ Rxe8 21. Re1 Rxe1+ 22. Qxe1 h5 23. Qe2 Qd4 24. h3 Bd3 25. Qe8+ Kh7 26. Qxf7 Bg6 27. Qxc7 Qxb2 28. Ne4 Bxe4 29. fxe4 Qb1+ 30. Kh2 Qxe4 31. d6 Qe5+ 32. Kg1 Qe1+ 33. Kh2 Qe5+ 34. Kg1 Qe1+ 35. Kh2 Qe5+ 1/2-1/2


[Site "https://www.chess.com"]

[Event "Titled Tuesday Blitz March 01 Early 2022"]
[White "Domingo Nunez, Alejandro"]
[Black "Osmonbekov, Talaibek"]
[WhiteFideId "22245561"]
[BlackFideId "2017253"]
[WhiteElo "2215"]
[BlackElo "2135"]
[Result "1-0"]
[Round "06"]
[TimeControl "180+1"]
[Date "2022.03.01"]
[WhiteClock "0:00:10"]
[BlackClock "0:00:01"]

1. Nf3 d6 2. d4 f5 3. g3 Nf6 4. Bg2 e6 5. O-O Be7 6. c4 O-O 7. b3 a5 8. Nc3 Ne4 9. Bb2 Bf6 10. Qc2 Nxc3 11. Bxc3 Nc6 12. d5 Nb4 13. Qd2 Bxc3 14. Qxc3 exd5 15. a3 Na6 16. cxd5 Nc5 17. Nd4 Qf6 18. b4 Na4 19. Qd2 f4 20. Rac1 Rf7 21. Nb5 Bd7 22. Nxc7 Rc8 23. Ne6 Re8 24. Nxf4 axb4 25. axb4 b5 26. e3 Nb6 27. Qc3 Nc4 28. Qxf6 Rxf6 29. h4 g6 30. Rfd1 h6 31. Bf1 Ne5 32. Bg2 Ref8 33. Rd2 Nc4 34. Ra2 Bg4 35. Rca1 g5 36. hxg5 hxg5 37. Ne6 Bxe6 38. dxe6 Ne5 39. Bd5 Kg7 40. Kg2 Kg6 41. f4 Ng4 42. Kf3 Ne5+ 43. Ke4 Ng4 44. Rh1 gxf4 45. gxf4 Rf5 46. Rg2 Rg5 47. fxg5 Nf2+ 48. Rxf2 Rxf2 49. e7 Kg7 50. Rh7+ Kxh7 51. e8=Q 1-0


[Site "https://www.chess.com"]

[Event "Titled Tuesday Blitz March 01 Early 2022"]
[White "Dubov, Daniil"]
[Black "Bilych, Olexiy"]
[WhiteFideId "24126055"]
[BlackFideId "14156504"]
[WhiteElo "2791"]
[BlackElo "2195"]
[Result "1-0"]
[Round "06"]
[TimeControl "180+1"]
[Date "2022.03.01"]
[WhiteClock "0:01:36"]
[BlackClock "0:00:23"]

1. e4 e5 2. Nf3 Nc6 3. Nc3 Nf6 4. Nxe5 Nxe5 5. d4 Nc6 6. d5 Bb4 7. dxc6 bxc6 8. Bd3 d5 9. exd5 O-O 10. O-O cxd5 11. h3 Rb8 12. Qf3 c6 13. Bf4 Bd6 14. b3 Rb4 15. Bxd6 Qxd6 16. Rad1 Re8 17. Ne2 c5 18. Rfe1 Bb7 19. Ng3 Rxe1+ 20. Rxe1 g6 21. Qe3 Bc6 22. Nf5 gxf5 23. Qg5+ Kh8 24. Bxf5 Rb8 25. Re6 Qd8 26. Rxf6 Bd7 27. Qh6 Bxf5 28. Rxf7 Bg6 1-0


[Site "https://www.chess.com"]

[Event "Titled Tuesday Blitz March 01 Early 2022"]
[White "Dziththauly, Ramadhan"]
[Black "Buscar, Michael"]
[WhiteFideId "7105525"]
[BlackFideId "2603616"]
[WhiteElo "2572"]
[BlackElo "2010"]
[Result "1-0"]
[Round "06"]
[TimeControl "180+1"]
[Date "2022.03.01"]
[WhiteClock "0:00:15"]
[BlackClock "0:00:18"]

1. d4 d5 2. c4 e6 3. cxd5 exd5 4. Nc3 Nf6 5. Bg5 Be7 6. e3 a6 7. Bd3 O-O 8. Nf3 Nbd7 9. O-O c6 10. Qc2 Re8 11. Rab1 Nf8 12. b4 g6 13. a4 Ne6 14. Bh4 Ng7 15. b5 cxb5 16. axb5 a5 17. Ne5 Bf5 18. Rfc1 a4 19. Nxa4 Bxd3 20. Nxd3 Nf5 21. Bxf6 Bxf6 22. Ndc5 Nd6 23. Qb3 b6 24. Na6 Nc4 25. Rxc4 dxc4 26. Qxc4 Rc8 27. Qb3 Qd6 28. Nb4 Bd8 29. Nc6 Bc7 30. g3 h5 31. Rc1 h4 32. Ne5 Rxe5 33. dxe5 Qxe5 34. Nxb6 Rd8 35. Nc4 Qe4 36. Qc2 Qf3 37. Nd2 Rxd2 38. Qxd2 h3 39. Kf1 Be5 40. b6 Kg7 41. Qd1 Qh1+ 42. Ke2 Qxh2 43. Qg1 Bxg3 44. Qxg3 1-0


[Site "https://www.chess.com"]

[Event "Titled Tuesday Blitz March 01 Early 2022"]
[White "Eynullayev, Altay"]
[Black "Thomas, Anysia"]
[WhiteFideId "13413562"]
[BlackFideId "670472"]
[WhiteElo "2079"]
[BlackElo "2002"]
[Result "0-1"]
[Round "06"]
[TimeControl "180+1"]
[Date "2022.03.01"]
[WhiteClock "0:00:04"]
[BlackClock "0:00:15"]

1. e4 c5 2. Nf3 g6 3. d4 cxd4 4. Nxd4 Nc6 5. c4 Nf6 6. Nc3 d6 7. Be2 Nxd4 8. Qxd4 Bg7 9. Be3 O-O 10. Qd2 Be6 11. Rc1 Qa5 12. b3 Rfc8 13. f3 a6 14. Nd5 Qxd2+ 15. Kxd2 Nxd5 16. exd5 Bd7 17. b4 e6 18. dxe6 Bxe6 19. Rhd1 d5 20. c5 d4 21. Bf4 Bxa2 22. Bd3 Bd5 23. Re1 Re8 24. Be4 Bxe4 25. fxe4 Re6 26. Kd3 Rae8 27. Bg3 Bh6 28. Rc4 Be3 29. Rxd4 Bxd4 30. Kxd4 f5 31. e5 Rd8+ 32. Kc4 Kf7 33. Re2 g5 34. h4 h6 35. hxg5 hxg5 36. Be1 Kg6 37. Bc3 f4 38. g4 fxg3 39. Rg2 Kf5 40. Rxg3 g4 41. Rg1 Rg6 42. Rf1+ Ke6 43. b5 axb5+ 44. Kxb5 g3 45. Kb6 g2 46. Rg1 Rd3 47. Ba5 Rb3+ 48. Kc7 Rg7+ 49. Kc8 Rf3 50. Bb6 Rf8+ 51. Bd8 Rf1 52. Rxg2 Rxg2 53. Kxb7 Rf7+ 54. Kc8 Rg8 55. c6 Rff8 56. c7 Kxe5 57. Kb8 Rxd8+ 58. cxd8=Q Rxd8+ 0-1


[Site "https://www.chess.com"]

[Event "Titled Tuesday Blitz March 01 Early 2022"]
[White "Eynullayev, Atilla"]
[Black "Dolzhykova, Kateryna"]
[WhiteFideId "13413570"]
[BlackFideId "14113414"]
[WhiteElo "1979"]
[BlackElo "2165"]
[Result "1-0"]
[Round "06"]
[TimeControl "180+1"]
[Date "2022.03.01"]
[WhiteClock "0:00:04"]
[BlackClock "0:00:05"]

1. e4 c5 2. Nf3 Nc6 3. Bb5 g6 4. O-O Bg7 5. c3 Nf6 6. Re1 O-O 7. d4 cxd4 8. cxd4 d5 9. e5 Ne4 10. Bxc6 bxc6 11. Be3 f6 12. Nbd2 fxe5 13. Nxe5 Bxe5 14. dxe5 Be6 15. Nxe4 dxe4 16. Qc2 Bd5 17. b3 Qc8 18. h3 Qe6 19. Qc3 a5 20. Rec1 a4 21. bxa4 Rxa4 22. a3 Rfa8 23. Bc5 Rb8 24. Rab1 Rxb1 25. Rxb1 Rc4 26. Qe3 Qxe5 27. Rb7 Rc3 28. Rxe7 Be6 29. Qh6 Rxc5 30. Re8+ 1-0


[Site "https://www.chess.com"]

[Event "Titled Tuesday Blitz March 01 Early 2022"]
[White "FGHSMN"]
[Black "Zierk, Steven"]
[BlackFideId "2034255"]
[WhiteElo "2706"]
[BlackElo "2494"]
[Result "1-0"]
[Round "06"]
[TimeControl "180+1"]
[Date "2022.03.01"]
[WhiteClock "0:00:21"]
[BlackClock "0:00:06"]

1. d4 d5 2. Nf3 Nf6 3. c3 e6 4. Bf4 c5 5. e3 Bd6 6. Nbd2 O-O 7. Bg3 Qc7 8. dxc5 Qxc5 9. Bd3 Nbd7 10. Qe2 Re8 11. O-O e5 12. e4 dxe4 13. Bxe4 Nf8 14. Bh4 Nxe4 15. Nxe4 Qc7 16. Rad1 Be7 17. Bxe7 Rxe7 18. Nd6 Ng6 19. Nb5 Qc6 20. Rd8+ Nf8 21. Rfd1 a6 22. Nbd4 Qg6 23. Nxe5 Rxe5 24. Rxf8+ Kxf8 25. Qxe5 Bh3 26. Qg3 Qxg3 27. hxg3 Bd7 28. Re1 a5 29. f3 a4 30. Kf2 a3 31. b3 b5 32. Ke3 f6 33. Kd2 Kf7 34. g4 g5 35. Nc2 Be6 36. Re4 f5 37. gxf5 Bxf5 38. Re5 Bxc2 39. Kxc2 Kg6 40. b4 Rb8 41. Kb3 h5 42. Kxa3 h4 43. Kb3 Kf6 44. Re4 Rd8 45. a4 bxa4+ 46. Kxa4 Rd2 47. Rg4 Kf5 48. b5 Rb2 49. Ka5 Rb3 50. c4 h3 51. gxh3 Rxf3 52. b6 Rxh3 53. Rg1 Rb3 54. c5 Ke6 55. Rd1 g4 56. c6 Rc3 57. c7 g3 58. b7 1-0


[Site "https://www.chess.com"]

[Event "Titled Tuesday Blitz March 01 Early 2022"]
[White "Gabdrakhmanov, Azat"]
[Black "Svane, Frederik"]
[WhiteFideId "34189197"]
[BlackFideId "12923044"]
[WhiteElo "2279"]
[BlackElo "2459"]
[Result "1-0"]
[Round "06"]
[TimeControl "180+1"]
[Date "2022.03.01"]
[WhiteClock "0:00:18"]
[BlackClock "0:00:02"]

1. e4 e5 2. Nf3 Nc6 3. Bb5 Nf6 4. d3 d6 5. O-O Bd7 6. c3 g6 7. Nbd2 Bg7 8. Re1 O-O 9. Nf1 a6 10. Ba4 b5 11. Bb3 a5 12. a4 b4 13. Bg5 h6 14. Bd2 Rb8 15. Bc4 bxc3 16. Bxc3 Re8 17. Ng3 Be6 18. Bb5 Bd7 19. Bc4 Nb4 20. d4 exd4 21. Nxd4 c6 22. Nb3 d5 23. exd5 Rxe1+ 24. Bxe1 Nfxd5 25. Bxd5 cxd5 26. Bc3 Bxc3 27. bxc3 Nc6 28. Nc5 Be8 29. h4 Qd6 30. Nd3 h5 31. Qf3 Bd7 32. Re1 Bg4 33. Qe3 Qf6 34. Nc5 Qxh4 35. Qf4 Rf8 36. Nd7 Rd8 37. Nf6+ Kg7 38. Ne8+ Kg8 39. Nd6 Ne7 40. Qxf7+ Kh8 41. Rxe7 1-0


[Site "https://www.chess.com"]

[Event "Titled Tuesday Blitz March 01 Early 2022"]
[White "Gaehwiler, Gabriel"]
[Black "Nur-Mukhametova, Alisa"]
[WhiteFideId "1314530"]
[BlackFideId "54117739"]
[WhiteElo "2383"]
[BlackElo "2015"]
[Result "1-0"]
[Round "06"]
[TimeControl "180+1"]
[Date "2022.03.01"]
[WhiteClock "0:00:20"]
[BlackClock "0:00:16"]

1. d4 Nf6 2. g3 g6 3. Bg2 c5 4. b3 cxd4 5. Nf3 Bg7 6. Nxd4 O-O 7. O-O d5 8. Bb2 Nc6 9. Nxc6 bxc6 10. Nd2 Ba6 11. Re1 e6 12. Rc1 Qa5 13. a3 Rad8 14. e3 Rfe8 15. b4 Qc7 16. Nb3 e5 17. Na5 c5 18. c4 cxb4 19. axb4 dxc4 20. Qa4 Qb6 21. Nxc4 Bxc4 22. Rxc4 h5 23. h3 Re7 24. Rc6 Qb8 25. Rec1 Kh7 26. b5 Nd5 27. Qb3 Nb6 28. Be4 f5 29. Bg2 Rd6 30. g4 hxg4 31. hxg4 Rxc6 32. bxc6 Qd6 33. Ba3 Qe6 34. Qxe6 Rxe6 35. c7 Nc8 36. Bb7 Re8 37. Rd1 Bf6 38. Rd7+ Kh6 39. gxf5 gxf5 40. Kf1 Kg6 41. Bd5 Nb6 42. Bf7+ Kg5 43. Bxe8 1-0


[Site "https://www.chess.com"]

[Event "Titled Tuesday Blitz March 01 Early 2022"]
[White "Garagulya, Konstantin"]
[Black "Zia, Tahsin Tajwar"]
[WhiteFideId "4128931"]
[BlackFideId "10211888"]
[WhiteElo "2329"]
[BlackElo "1800"]
[Result "1/2-1/2"]
[Round "06"]
[TimeControl "180+1"]
[Date "2022.03.01"]
[WhiteClock "0:00:11"]
[BlackClock "0:00:06"]

1. Nf3 d5 2. d4 Nf6 3. c4 e6 4. Bg5 dxc4 5. Qa4+ Bd7 6. Qxc4 b5 7. Qc2 c5 8. dxc5 Qc7 9. Nbd2 Bxc5 10. Rc1 Na6 11. b4 Bd6 12. Qb2 Qd8 13. a3 h6 14. Bh4 O-O 15. e3 Nc7 16. Ne4 Be7 17. Nxf6+ Bxf6 18. Bxf6 gxf6 19. Be2 Nd5 20. O-O a5 21. Rc5 axb4 22. axb4 Ra4 23. Qd2 Qb8 24. Rb1 Rc8 25. Nd4 Rxc5 26. bxc5 b4 27. c6 Be8 28. Qc2 Ra7 29. Bf3 Qd8 30. Bxd5 Qxd5 31. Rxb4 Ra1+ 32. Rb1 Rxb1+ 33. Qxb1 Bxc6 34. Qb8+ Kg7 35. Qg3+ Kf8 36. h4 Bd7 37. Kh2 h5 38. Qf4 Ke7 39. Nf3 Bc6 40. Kg3 Qd6 41. Qxd6+ Kxd6 42. Nd2 Ke5 43. f3 Kf5 44. Nc4 Bd5 45. e4+ Bxe4 46. fxe4+ Kxe4 47. Nd6+ Ke3 48. Nxf7 f5 49. Nd6 f4+ 50. Kh2 e5 51. Nf5+ Ke4 52. Ng7 f3 53. gxf3+ Kxf3 54. Nxh5 Kg4 55. Ng3 Kxh4 56. Ne4 Kg4 57. Kg2 Kf4 58. Nf2 Ke3 59. Ng4+ Kd4 60. Nxe5 1/2-1/2


[Site "https://www.chess.com"]

[Event "Titled Tuesday Blitz March 01 Early 2022"]
[White "Garriga Cazorla, Pere"]
[Black "Tologon tegin, Semetei"]
[WhiteFideId "32011601"]
[BlackFideId "13800574"]
[WhiteElo "2458"]
[BlackElo "2258"]
[Result "1-0"]
[Round "06"]
[TimeControl "180+1"]
[Date "2022.03.01"]
[WhiteClock "0:00:12"]
[BlackClock "0:00:01"]

1. d4 d5 2. c4 e6 3. Nc3 Nf6 4. cxd5 exd5 5. Bg5 Nbd7 6. e3 Be7 7. Bd3 O-O 8. Qc2 h6 9. Bh4 c5 10. Nf3 cxd4 11. exd4 Nh5 12. Bg3 Nxg3 13. hxg3 Nf6 14. O-O Be6 15. Bf5 Bxf5 16. Qxf5 Rc8 17. a3 Qd6 18. Rfe1 Rfd8 19. Ne5 Bf8 20. Re3 a6 21. g4 g6 22. Qf4 Bg7 23. Rae1 Rc7 24. Qg3 Qb6 25. Qf4 Rdc8 26. Na4 Qa5 27. Nc5 b6 28. Ncd3 Qb5 29. g5 hxg5 30. Qxg5 Ne4 31. Qf4 a5 32. f3 Nf6 33. Kh2 Qa4 34. Rh1 Nh5 35. Qg4 Bh6 36. Ree1 Rd8 37. Kg1 Bd2 38. Rf1 Be3+ 39. Kh2 Qe8 40. f4 Qa4 41. f5 Qxd4 42. Qxd4 Bxd4 43. fxg6 fxg6 44. Nxg6 Rg7 45. Ngf4 Nxf4 46. Nxf4 Be5 47. g3 Bxb2 48. a4 Be5 49. Kg2 Bxf4 50. Rxf4 d4 51. Rd1 d3 52. Rd2 Rgd7 53. Kf2 Rd4 54. Ke3 Rxf4 55. gxf4 Kf7 56. Rxd3 Re8+ 57. Kd4 Re6 58. Rh3 Rg6 59. Ke5 Re6+ 60. Kd4 Rd6+ 61. Ke5 Re6+ 62. Kd5 Rg6 63. Rh7+ Kf6 64. Ke4 Rg2 65. Rb7 Ra2 66. Rxb6+ Ke7 67. Ke5 Rxa4 68. Rb7+ Kf8 69. f5 Ra1 70. Kf6 Kg8 71. Rb8+ Kh7 72. Kf7 Rc1 73. Rb7 a4 74. Ra7 Rc4 75. f6 Re4 76. Ra5 Rf4 77. Rh5# 1-0


[Site "https://www.chess.com"]

[Event "Titled Tuesday Blitz March 01 Early 2022"]
[White "Gelman, Alexander"]
[Black "Lazavik, Denis"]
[WhiteFideId "4118316"]
[BlackFideId "13515110"]
[WhiteElo "2375"]
[BlackElo "2436"]
[Result "0-1"]
[Round "06"]
[TimeControl "180+1"]
[Date "2022.03.01"]
[WhiteClock "0:00:04"]
[BlackClock "0:00:33"]

1. d4 Nf6 2. Nc3 d5 3. Bf4 a6 4. e3 e6 5. g4 Bb4 6. f3 c5 7. Ne2 Nc6 8. a3 Bxc3+ 9. Nxc3 Qb6 10. Na4 Qa5+ 11. c3 c4 12. b4 cxb3 13. Qxb3 Nd7 14. Bd6 b5 15. Nc5 Qb6 16. Nxd7 Bxd7 17. Bc5 Qc7 18. h4 Na5 19. Qc2 Nb7 20. a4 Nxc5 21. dxc5 bxa4 22. Kf2 Qxc5 23. h5 h6 24. Bd3 Ke7 25. c4 dxc4 26. Bxc4 Rhc8 27. Rhc1 Qg5 28. Qb2 Kf8 29. Be2 a5 30. Qb7 Qe7 31. Rc7 Rxc7 32. Qxa8+ Rc8 33. Qxa5 Qc5 34. Qa6 Be8 35. Ra2 Qc7 0-1


[Site "https://www.chess.com"]

[Event "Titled Tuesday Blitz March 01 Early 2022"]
[White "Godzwon, Iwo"]
[Black "Ahmadzada, Ahmad"]
[WhiteFideId "21802483"]
[BlackFideId "13413007"]
[WhiteElo "2201"]
[BlackElo "2228"]
[Result "0-1"]
[Round "06"]
[TimeControl "180+1"]
[Date "2022.03.01"]
[WhiteClock "0:00:07"]
[BlackClock "0:00:05"]

1. e4 d5 2. exd5 Qxd5 3. Nc3 Qd8 4. d4 Nf6 5. Nf3 Bg4 6. Be2 e6 7. h3 Bxf3 8. Bxf3 c6 9. O-O Be7 10. Ne4 Nbd7 11. c3 O-O 12. Bf4 Nxe4 13. Bxe4 Nf6 14. Bc2 Bd6 15. Qf3 Bxf4 16. Qxf4 Qb6 17. Rab1 Rad8 18. Rfd1 c5 19. dxc5 Qxc5 20. Qf3 Qc7 21. Bb3 b6 22. Qe3 g6 23. Rd4 Rxd4 24. Qxd4 e5 25. Qh4 Kg7 26. Rd1 Rd8 27. Rxd8 Qxd8 28. Qc4 Qd7 29. a4 Nh5 30. Qe4 Qe7 31. Qd5 Nf4 32. Qf3 Qd7 33. Qe3 Qf5 34. Kh2 Qf6 35. g3 Ne6 36. Kg2 Nc5 37. Bc2 Qd6 38. b4 Nd7 39. Bb3 f5 40. a5 e4 41. axb6 axb6 42. Qd4+ Qxd4 43. cxd4 Kf6 44. f3 exf3+ 45. Kxf3 Nb8 46. b5 Nd7 47. Bd5 Nf8 48. Ke3 g5 49. Kd3 Ng6 50. Bf3 f4 51. g4 Ne7 52. Be4 h6 53. Kc4 Ke6 54. Bf3 Kd6 55. Be4 Nc8 56. Bd3 Ne7 57. Be4 Ng8 58. Bf5 Nf6 59. Bd3 Nd5 60. Be4 Ne3+ 61. Kd3 Nf1 62. Bf3 Ne3 63. Be4 Ke6 64. Bf3 Kf6 65. Be4 Nf1 66. Bf3 Ng3 67. Bc6 h5 68. Bf3 hxg4 69. hxg4 Ke6 70. Bc6 Nf1 71. Bf3 Ne3 72. Ke4 Nd5 73. Kd3 Nb4+ 74. Kc4 Nc2 75. Kd3 Ne1+ 76. Ke4 Nxf3 77. Kxf3 Kd5 0-1


[Site "https://www.chess.com"]

[Event "Titled Tuesday Blitz March 01 Early 2022"]
[White "Goltsev, Dmitry"]
[Black "Ponkratov, Pavel"]
[WhiteFideId "24176710"]
[BlackFideId "4157800"]
[WhiteElo "2273"]
[BlackElo "2487"]
[Result "0-1"]
[Round "06"]
[TimeControl "180+1"]
[Date "2022.03.01"]
[WhiteClock "0:02:21"]
[BlackClock "0:02:09"]

1. e4 e5 2. Nf3 d6 3. d4 exd4 4. Nxd4 Nf6 5. Nc3 g6 6. Be2 Bg7 7. O-O O-O 8. f4 Re8 9. Bf3 Nbd7 10. Re1 Nc5 11. e5 dxe5 12. Rxe5 Ng4 13. Rxe8+ Qxe8 14. Ndb5 c6 15. Nc7 Bd4+ 0-1


[Site "https://www.chess.com"]